AoeStats
← Pauloko22

Black Forest

509801519Analyzed
2v2 RM · 5d ago on Sep 28, 2026· 55m 30s· 4 players
Game mode
Random Map
Map size
Medium (4 player)
Population
200
Speed
Normal
Resources
Standard
Victory
Conquest
Starting age
Dark Age
Ending age
Imperial Age
RankedLock teamsTeams togetherTeam positionsShared explorationLock speedFull tech treeHidden civsTurbo modeCheats
Victory
Defeat
🇨🇱 Celts · Chile
581
+12
🇧🇷 Khmer · Brazil
432
+18
🇺🇸 Britons · United States
498
-16
🇺🇸 Wu · United States
454
-14
ndyer98
LATEAFNICE
0:31 Loom
16:53 Feudal Age
18:04 Town Watch
19:11 Wheelbarrow
19:13 Horse Collar
31:51 Castle Age
31:18 Stone Mining
32:40 Double-Bit Axe
33:05 Gold Mining
33:14 Man-at-Arms
33:40 Gambesons
33:55 Squires
33:41 Arson
35:00 Long Swordsman
36:48 Town Patrol
41:51 Hand Cart
48:53 Imperial Age
47:58 Fortified Wall
47:32 Treadmill Crane
48:03 Masonry
48:06 Fortified Wall
48:06 Padded Archer Armor
47:57 Fletching
48:51 Murder Holes
51:40 Chemistry
54:25 Elite Longbowman
56:12 Architecture
56:10 Conscription
56:11 Leather Archer Armor
55:52 Bodkin Arrow
Pauloko22
1:24 Loom
20:20 Feudal Age
20:24 Man-at-Arms
23:04 Wheelbarrow
24:22 Double-Bit Axe
24:34 Horse Collar
27:11 Gold Mining
27:12 Stone Mining
30:38 Castle Age
29:52 Forging
29:43 Scale Mail Armor
30:30 Town Watch
31:20 Heavy Plow
31:35 Bow Saw
34:45 Long Swordsman
35:11 Gambesons
35:15 Arson
36:17 Stone Shaft Mining
36:20 Gold Shaft Mining
36:11 Hand Cart
36:46 Caravan
46:32 Town Patrol
49:06 Imperial Age
50:45 Conscription
50:16 Stronghold
52:26 Elite Woad Raider
53:59 Furor Celtica
55:21 Heavy Scorpion
Wendell, O Malakoi
1:44 Loom
11:27 Feudal Age
12:12 Horse Collar
15:31 Double-Bit Axe
21:47 Gold Mining
22:39 Wheelbarrow
25:57 Castle Age
27:06 Bow Saw
28:19 Heavy Plow
30:33 Forging
30:23 Scale Mail Armor
30:28 Scale Barding Armor
30:24 Padded Archer Armor
30:14 Fletching
30:49 Town Watch
31:59 Iron Casting
31:30 Caravan
34:02 Gold Shaft Mining
35:30 Chain Barding Armor
35:30 Chain Mail Armor
35:44 Stone Mining
36:19 Leather Archer Armor
36:00 Bodkin Arrow
37:33 Stone Shaft Mining
39:55 Husbandry
40:05 Bloodlines
41:10 Masonry
46:35 Imperial Age
46:15 Ballistics
45:46 Heated Shot
47:13 Tusk Swords
48:21 Chemistry
50:19 Blast Furnace
49:54 Plate Barding Armor
49:50 Ring Archer Armor
50:54 Crop Rotation
50:34 Cavalier
50:35 Light Cavalry
52:57 Heavy Scorpion
52:57 Onager
53:34 Capped Ram
54:17 Bracer
53:41 Pikeman
54:30 Hussar
55:28 Heavy Cavalry Archer
55:28 Elite Skirmisher
Connection lost

Rejoining the realm…

Still unreachable

The connection could not be restored.

Session expired

The server has moved on; the page needs a fresh start.